 Dungeon Sprint DCSS version 0.17-a0-1575-g9a29ec8 (webtiles) character file.

144 nuthulu the Blocker (level 8, -3/57 HPs)
             Began as a Gargoyle Fighter on July 26, 2015.
             Was a Believer of Okawaru.
             Slain by a naga warlord
             ... wielding a +0 war axe of chopping
              (5 damage)
             ... in the Dungeon (Sprint VI: "Thunderdome").
             The game lasted 00:03:27 (546 turns).

nuthulu the Blocker (Gargoyle Fighter)               Turns: 546, Time: 00:03:27

Health: -3/57      AC: 16    Str: 23      XL:     8   Next: 9%
Magic:  6/8        EV:  9    Int:  3 (5)  God:    Okawaru [**....]
Gold:   188        SH: 14    Dex:  9      Spells: 0 memorised, 7 levels left

rFire  + . .     SeeInvis +     a - +0 flail
rCold  + . .     Clarity  .     b - +0 scale mail
rNeg   + + .     SustAt   .     c - +0 shield
rPois  ∞         Gourm    .     (no helmet)
rElec  +         Spirit   .     q - +0 cloak
rCorr  .         Warding  .     (no gloves)
rMut   .         NoTele   +     (no boots)
MR     .....                    (no amulet)
Stlth  +.........               r - ring of Eternal Night {rPois rF+ rC+ Int-2 Dex-2} (curse)
                                p - ring "Wanushah" {*Corrode rN+ Str-2 Int-2 SInv} (curse)

@: mighty, heroism, constricted, not resistant to hostile enchantments, very
unstealthy
A: negative energy resistance 1, electricity resistance, unbreathing,
petrification resistance, rot immunity, AC +5
a: Heroism, Renounce Religion


You were in the Dungeon.
You worshipped Okawaru.
Okawaru was pleased with you.
You were not hungry.

You visited 1 branch You collected 500 gold pieces.
You spent 312 gold pieces at shops.

Inventory:

Hand weapons
 a - a +0 flail (weapon)
Armour
 b - a +0 scale mail (worn)
 c - a +0 shield (worn)
 q - a +0 cloak (worn)
Jewellery
 p - the cursed ring "Wanushah" (left hand) {*Corrode rN+ Str-2 Int-2 SInv}
   (You bought it in a shop in the Dungeon)

   [ring of intelligence]

   It affects your strength (-2).
   It affects your intelligence (-2).
   It protects you from negative energy.
   It lets you see invisible.
   It may corrode your equipment when you take damage.
   It has a curse placed upon it.
 r - the cursed ring of Eternal Night (right hand) {rPois rF+ rC+ Int-2 Dex-2}
   (You bought it in a shop in the Dungeon)

   [ring of intelligence]

   It affects your intelligence (-2).
   It affects your dexterity (-2).
   It protects you from fire.
   It protects you from cold.
   It protects you from poison.
   It has a curse placed upon it.
Magical devices
 l - a wand of cold (5)
 m - a wand of fire (5)
Scrolls
 k - 4 scrolls of blinking
 n - 3 scrolls of fog
Potions
 d - 4 potions of might
 f - a potion of curing
 g - 3 potions of heal wounds
 h - 4 potions of haste
 i - 2 potions of magic
 j - a potion of berserk rage
 o - a potion of resistance
Comestibles
 e - a bread ration


   Skills:
 + Level 10.1(15.1) Fighting
 + Level 7.8(12.8) Maces & Flails
 + Level 10.0(15.0) Armour
 - Level 1.9(6.9) Dodging
 + Level 10.4(15.4) Shields


You had 7 spell levels left.
You didn't know any spells.

Dungeon Overview and Level Annotations

Branches:
Dungeon (1/1)

Altars:
Cheibriados
Dithmenos
Fedhas
Gozag
Kikubaaqudgha
Makhleb
Okawaru
Qazlal
Ru
Sif Muna
Trog
Vehumet
Xom
Yredelemnul
Zin
The Shining One
Jiyva
Lugonu

Shops:
D *[%??*?*:[((!!!!


Innate Abilities, Weirdness & Mutations

You are resistant to torment.
Your stone body is resilient (AC +5).
You are immune to poison.
You resist negative energy.
You are resistant to electric shocks.
You can survive without breathing.
You are immune to petrification.
You are immune to rotting.


Message History

The splash of poison hits you! You resist. The naga warlord blocks your attack.
The naga warlord barely misses you. The naga warlord grabs you.
The naga warlord constricts you. The naga warlord blocks your attack.
You block the naga warlord's attack. The naga warlord constricts you.
The naga warlord blocks your attack. The naga warlord blocks your attack.
The naga warlord hits you with a war axe of chopping!!
* * * LOW HITPOINT WARNING * * *
x3 The naga warlord constricts you.
The naga warlord blocks your attack.
You sock the naga warlord!
The naga warlord is lightly wounded.
You block the naga warlord's attack.
* * * LOW HITPOINT WARNING * * *
The naga warlord constricts you. The naga warlord blocks your attack.
The naga warlord is lightly wounded.
The naga warlord misses you.
You die...

#.....# ##.....## ##∩.....∩##
#∩.......∩# #_......._#
#........_# #_......._#
###.........### #⌠....N@.....⌠#
######.8.........8.######
##∩_._......###.......__∩##
###∩%%......8.# #.8........∩###
##.............###.............#
#⌠..........###...###..........⌠#
#⌠..........# #.<.# #..........⌠#
#⌠.....†....###...###..........⌠#
##.............###..†..........##


You could see a naga warlord.

Vanquished Creatures
  A water moccasin (D)
  A spider (D)
  7 brain worms (D)
  2 giant frogs (D)
  3 adders (D)
  2 worms (D)
  2 giant cockroaches (D)
18 creatures vanquished.

Notes
Turn   | Place    | Note
--------------------------------------------------------------
     0 | D        | nuthulu the Gargoyle Fighter began the quest for the Orb.
     0 | D        | Reached XP level 1. HP: 14/14 MP: 1/1
     1 | D        | Found a sacrificial altar of Ru.
     2 | D        | Found a basalt altar of Yredelemnul.
     2 | D        | Found a glowing golden altar of the Shining One.
     3 | D        | Found a deep blue altar of Sif Muna.
     3 | D        | Found a burning altar of Makhleb.
     4 | D        | Found Suacviv's Distillery.
     4 | D        | Found a bloodstained altar of Trog.
     4 | D        | Found Axoren's Do-It-Yourself Clinic.
     5 | D        | Found Tenethaz's Distillery.
     5 | D        | Found Filirr's Bottled Wisdom.
     5 | D        | Round 1.
    12 | D        | Bought 6 potions of might for 168 gold pieces
    18 | D        | Found an opulent altar of Gozag.
    18 | D        | Noticed a water moccasin
    20 | D        | Found Noolale's Staff Store.
    35 | D        | Killed a water moccasin
    35 | D        | Reached skill level 6 in Fighting
    35 | D        | Reached skill level 1 in Dodging
    35 | D        | Reached XP level 2. HP: 18/22 MP: 2/2
    35 | D        | Reached XP level 3. HP: 22/27 MP: 3/3
    35 | D        | Reached XP level 4. HP: 26/32 MP: 4/4
    35 | D        | Reached XP level 5. HP: 29/36 MP: 5/5
    41 | D        | Found a shimmering altar of Xom.
    41 | D        | Found a stormy altar of Qazlal.
    41 | D        | Found Kazuam's Magic Scroll Shop.
    41 | D        | Found Zem Gaim's Must-Have Magic.
    41 | D        | Found Vooqog's Magic Scroll Shop.
    45 | D        | Found a shadowy altar of Dithmenos.
    47 | D        | Found a viscous altar of Jiyva.
    48 | D        | Found Ustuh's Bee Food.
    49 | D        | Found Napp's Jewellery.
    49 | D        | Found Qucip's Advanced Armour.
    49 | D        | Found a corrupted altar of Lugonu.
    49 | D        | Found a glowing silver altar of Zin.
    49 | D        | Found Zobikes's Identification Station.
    53 | D        | Found a radiant altar of Vehumet.
    55 | D        | Found an ancient bone altar of Kikubaaqudgha.
    56 | D        | Found a blossoming altar of Fedhas.
    56 | D        | Found an iron altar of Okawaru.
    56 | D        | Found a snail-covered altar of Cheibriados.
    56 | D        | Found Uraweog's Premium Goods.
    56 | D        | Found Reodu's Weapon Rack.
    57 | D        | Found Tutejokk's Miscellaneous Merchandise.
    57 | D        | Found Zaata's Basic Armour.
    64 | D        | Became a worshipper of Warmaster Okawaru
    90 | D        | Reached skill level 7 in Shields
   131 | D        | Arena points: 5 (+5) [x1]
   146 | D        | Round 2.
   196 | D        | Noticed a spider
   205 | D        | Killed a spider
   205 | D        | Acquired Okawaru's first power
   205 | D        | Reached skill level 8 in Fighting
   205 | D        | Reached skill level 5 in Maces & Flails
   205 | D        | Reached XP level 6. HP: 25/44 MP: 6/6
   245 | D        | Arena points: 33 (+28) [x2]
   264 | D        | Bought a wavering golden ring for 45 gold pieces
   264 | D        | Identified the cursed ring "Wanushah" {*Corrode rN+ Str-2 Int-2 SInv} (You bought it in a shop in the Dungeon)
   311 | D        | Round 3.
   346 | D        | Reached skill level 9 in Shields
   346 | D        | Reached XP level 7. HP: 45/50 MP: 7/7
   428 | D        | Lost intelligence.
   433 | D        | Arena points: 96 (+63) [x3]
   433 | D        | Reached skill level 10 in Shields
   450 | D        | Bought a +0 cloak for 54 gold pieces
   467 | D        | Round 4.
   472 | D        | Bought a vibrating granite ring for 45 gold pieces
   472 | D        | Lost intelligence.
   472 | D        | Identified the cursed ring of Eternal Night {rPois rF+ rC+ Int-2 Dex-2} (You bought it in a shop in the Dungeon)
   500 | D        | Reached skill level 10 in Fighting
   505 | D        | Noticed a blink frog
   513 | D        | Noticed Prince Ribbit
   514 | D        | Noticed a spiny frog
   514 | D        | Noticed a blink frog
   514 | D        | Arena points: 144 (+48) [x4]
   514 | D        | Reached skill level 10 in Armour
   514 | D        | Reached XP level 8. HP: 39/57 MP: 8/8
   529 | D        | Round 5.
   530 | D        | Noticed a naga warlord
   545 | D        | HP: 2/57 [naga warlord/war axe of chopping (2)]
   546 | D        | Slain by a naga warlord

Vault maps used:
D:        arena_sprint

Action                   |  1- 3 |  4- 6 |  7- 9 || total
-------------------------+-------+-------+-------++-------
Melee: Flail             |    13 |    49 |    48 ||   110
Invok: Heroism           |       |       |     1 ||     1
  Use: Potion            |     2 |     1 |     1 ||     4
